 Dungeon Crawl Stone Soup version 0.28-a0-1506-g3893175d92 (webtiles) character file.

Game seed: 14713892095956129036

692 karrick the Skirmisher (level 7, -11/45 HPs)
             Began as a Gargoyle Fighter on Jan 14, 2022.
             Killed from afar by Ijyb (23 damage)
             ... with a bolt of acid
             ... on level 3 of the Dungeon.
             The game lasted 00:09:11 (4864 turns).

karrick the Skirmisher (Gargoyle Fighter)           Turns: 4864, Time: 00:09:12

Health: -11/45     AC: 12    Str: 19    XL:     7   Next: 63%
Magic:  7/7        EV:  9    Int:  9    God:
Gold:   272        SH:  4    Dex: 11    Spells: 6/6 levels left

rFire   . . .      SeeInvis .   a - +0 flail (vamp)
rCold   . . .      Faith    .   c - +0 buckler
rNeg    + . .      Spirit   .   b - +0 scale mail
rPois   ∞          Reflect  .   (no helmet)
rElec   +          Harm     .   (no cloak)
rCorr   .          Rampage  .   (no gloves)
Will    .....                   (no boots)
Stlth   ..........              f - amulet of the acrobat
HPRegen 0.15/turn               (no ring)
MPRegen 0.10/turn               (no ring)

@: studying Crossbows
A: sickness immunity, AC +4, negative energy resistance 1, electricity
resistance, torment resistance 1, petrification resistance
a: no special abilities


You were on level 3 of the Dungeon.
You visited 1 branch of the dungeon, and saw 4 of its levels.
You also visited: Ossuary.

You collected 272 gold pieces.

Inventory:

Hand Weapons
 a - a +0 vampiric flail (weapon)
 k - a +1 hand axe of venom
Missiles
 g - 6 javelins (quivered)
Armour
 b - a +0 scale mail (worn)
 c - a +0 buckler (worn)
Jewellery
 f - an amulet of the acrobat (around neck)
Wands
 q - a wand of digging (2)
Scrolls
 d - 3 scrolls of immolation
 h - 2 scrolls of fear {unknown}
 i - 2 scrolls of identify {unknown}
 m - a scroll of enchant weapon {unknown}
 n - a scroll of fog {unknown}
Potions
 e - a potion of brilliance {unknown}
 l - a potion of attraction
 o - a potion of experience {unknown}
 p - a potion of lignification {unknown}


   Skills:
 + Level 5.7 Fighting
 + Level 5.1 Maces & Flails
 + Level 5.1 Armour
 + Level 1.3 Dodging
 + Level 1.3 Stealth
 + Level 4.0 Shields


You had 6 spell levels left.
You didn't know any spells.
Your spell library contained the following spells:

 Spells                   Type           Power      Damage    Failure   Level
 Slow                     Hex            0%         N/A       83%         1
 Confusing Touch          Hex            0%         N/A       99%         3
 Vampiric Draining        Necr           0%         2d6       99%         3


Dungeon Overview and Level Annotations

Branches:
Dungeon (4/15)            Ossuary (visited)
 Temple: D:4-7

Altars:
Fedhas
Hepliaklqana
Zin
The Shining One

Shops:
D:3 (

Annotations:
D:3 exclusion: oklob plant, Ijyb


Innate Abilities, Weirdness & Mutations

You are immune to sickness and miasma.
Your stone body is resilient. (AC +4)
You are immune to poison.
You resist negative energy. (rN+)
You are resistant to electric shocks. (rElec)
You are resistant to unholy torment.
You are immune to petrification.


Message History

You sock Ijyb!
Ijyb is heavily wounded.
Ijyb screams, "Get away!"
Ijyb hits you with a +0 dagger.
You closely miss Ijyb.
Ijyb is heavily wounded.
Ijyb zaps a wand.
The bolt of acid misses you.
You hit Ijyb.
You feel better.
Ijyb is severely wounded.
You block Ijyb's attack.
You closely miss Ijyb.
Ijyb is severely wounded.
Ijyb zaps a wand.
The bolt of acid hits you!!
Ouch! That really hurt!
* * * LOW HITPOINT WARNING * * *
You are too injured to fight recklessly!
You are too injured to fight recklessly!
You are too injured to fight recklessly!
You are too injured to fight recklessly!
You are too injured to fight recklessly!
You are too injured to fight recklessly!
You are too injured to fight recklessly!
You are too injured to fight recklessly!
You are too injured to fight recklessly!
You are too injured to fight recklessly!
You are too injured to fight recklessly!
You barely miss Ijyb.
Ijyb is severely wounded.
Ijyb hits you with a +0 dagger.
* * * LOW HITPOINT WARNING * * *
Ijyb hits you with a +0 dagger.
* * * LOW HITPOINT WARNING * * *
You hit Ijyb.
You feel better.
Ijyb is almost dead.
You block Ijyb's attack.
You hit Ijyb but do no damage.
Ijyb is almost dead.
Ijyb zaps a wand.
The bolt of acid hits you!!
Ouch! That really hurt!
You die...

##.# ...# ####
########### #
#.....)...###
######.#######.#..
.....#.# #.#.# ####.#†#
#.#.# <#.#.#.# #.#g#
##.#.#.# #.#@# ...#...#
#.#.#
##.###########.#.#.#?##
#.#..................#
##.#.#############.####
......>......... .#
...#.########### #
####.# .. ..#


You could see Ijyb.

Vanquished Creatures
  A sky beast (D:3)
  An ogre (D:4)
  A wyvern zombie (D:3)
  A scorpion (D:3)
  2 human zombies
  Natasha (D:3)
  2 iguanas (D:4)
  A hound skeleton (D:4)
  5 mummies (Ossuary)
  11 adders
  An adder skeleton (D:4)
  A dart slug (D:1)
  6 orcs
  4 endoplasms
  6 giant cockroaches
  5 goblins
  7 hobgoblins
  4 jackals (D:2)
  3 quokkas
  3 ball pythons
  8 bats
  A frilled lizard (D:3)
  4 goblin zombies
  2 hobgoblin zombies (Ossuary)
  7 kobolds
  2 kobold zombies (Ossuary)
  An orc zombie (Ossuary)
  4 rats
95 creatures vanquished.

Notes
Turn   | Place    | Note
-------+----------+-------------------------------------------
     0 | D:1      | karrick the Gargoyle Fighter began the quest for the Orb.
     0 | D:1      | Reached XP level 1. HP: 14/14 MP: 1/1
   269 | D:1      | Found a faded altar of an unknown god.
   487 | D:1      | Reached XP level 2. HP: 19/19 MP: 2/2
   853 | D:2      | Reached XP level 3. HP: 16/24 MP: 3/3
  1218 | D:2      | Reached XP level 4. HP: 28/29 MP: 4/4
  2018 | D:2      | Reached skill level 1 in Stealth
  2018 | D:2      | Reached XP level 5. HP: 33/33 MP: 5/5
  2365 | D:3      | Noticed Natasha
  2386 | D:3      | Killed Natasha
  2471 | D:3      | You fall into a shaft and drop 1 floor!
  2474 | D:4      | Noticed an ogre
  2505 | D:4      | Killed an ogre
  2506 | D:4      | Reached skill level 5 in Fighting
  2506 | D:4      | Reached XP level 6. HP: 14/40 MP: 6/6
  2624 | D:4      | Found a sand-covered staircase.
  2652 | D:4      | Reached skill level 1 in Dodging
  2771 | Ossuary  | Entered an ossuary
  3759 | D:4      | Reached XP level 7. HP: 44/44 MP: 7/7
  3965 | D:4      | Found a glowing silver altar of Zin.
  4117 | D:3      | Found Wiosett's Antique Weapon Boutique.
  4230 | D:3      | Found a blossoming altar of Fedhas.
  4252 | D:3      | Noticed an oklob plant
  4380 | D:3      | Found a glowing golden altar of the Shining One.
  4380 | D:3      | Found a hazy altar of Hepliaklqana.
  4591 | D:3      | Reached skill level 5 in Maces & Flails
  4591 | D:3      | Reached skill level 5 in Armour
  4854 | D:3      | Noticed Ijyb
  4864 | D:3      | Killed from afar by Ijyb

Illustrated notes

Levels and vault maps discovered:
D:1:      dpeg_arrival_simpleton_c, layout_loops_cross,
          ebering_ecumenical_altar_abandoned
D:2:      minmay_chambers_of_twos, layout_basic, wad_orctagon
D:3:      layout_basic, tgw_fedhas, gammafunk_temple_overflow_statue,
          serial_shops, shop, minmay_between, uniq_natasha, uniq_ijyb
D:4:      minmay_spotlight, layout_loops_ring, zin_scriptorium, enter_ossuary_3

Skill      XL: |  1  2  3  4  5  6  7 |
---------------+----------------------+-----
Fighting       | 4 5 |  5.7
Maces & Flails | 3 4 5 |  5.1
Armour         | 4 5 |  5.1
Stealth        | 1 |  1.3
Dodging        | 1 |  1.3
Shields        | 4 |  4.0

Action                   |  1- 3 |  4- 6 |  7- 9 || total
-------------------------+-------+-------+-------++-------
Melee: Flail             |    85 |   221 |    83 ||   389
  Use: Scroll            |       |     2 |       ||     2
       Potion            |       |     4 |     4 ||     8
Armor: Scale mail        |    63 |   132 |    40 ||   235
Dodge: Dodged            |    53 |    83 |    42 ||   178
Block: Buckler           |    25 |    54 |    13 ||    92

Table legend: (Time is in decaauts)
 A = Elapsed time spent in this place.
 B = Non-inter-level travel time spent in this place.
 C = Inter-level travel time spent in this place.
 D = Time resting spent in this place.
 E = Time spent auto-exploring this place.
 F = Levels seen in this place.
 G = Mean time per level.
                   A        B        C        D        E       F      G
               +--------+--------+--------+--------+--------+-----+--------+
         Total |   4969 |   4891 |     78 |    971 |   2819 |   5 |  993.8 |
       Dungeon |   4287 |   4209 |     78 |    578 |   2761 |   4 | 1071.8 |
       Ossuary |    681 |    681 |      0 |    393 |     58 |   1 |  681.0 |
               +--------+--------+--------+--------+--------+-----+--------+

Top non-repeatable levels by time:
     D:1: 1363 daAuts
     D:2: 1049 daAuts
     D:4: 941 daAuts
     D:3: 932 daAuts
 Ossuary: 681 daAuts
